 Dungeon Crawl Stone Soup version 0.27-a0-597-g524d869a0f (webtiles) character file.

Game seed: 702179052908142115

154611 Maimakterion the Warrior (level 17, -4/156 HPs)
             Began as a Demonspawn Gladiator on Mar 11, 2021.
             Was an Elder of Ashenzari.
             Slain by Maimakterion's illusion (illusionary) (40 damage)
             ... woven by Mara
             ... on level 3 of the Swamp.
             The game lasted 00:42:48 (24658 turns).

Maimakterion the Warrior (Demonspawn Gladiator)    Turns: 24658, Time: 00:42:49

Health: -4/156     AC: 16    Str: 21    XL:     17   Next: 7%
Magic:  18/18      EV: 27    Int: 16    God:    Ashenzari [****..]
Gold:   3240       SH:  6    Dex: 22    Spells: 17/17 levels left

rFire    . . .     SeeInvis +   R - +7 double sword of Ouranomancy {vamp, Melee, Elem} (curse)
rCold    . . .     Faith    .   N - +0 buckler of Supernal Wisdom {Self, Melee} (curse)
rNeg     . . .     Spirit   .   u - +2 ring mail "Tethered Water Diviner" {Will+, Cun, Fort} (curse)
rPois    +         Reflect  .   (helmet restricted)
rElec    .         Harm     .   F - +1 cloak {rPois}
rCorr    +         Rampage  .   d - +1 pair of gloves "Cursed Together" {Fort, Alch} (curse)
Will     +++..     Clarity  +   q - +2 pair of boots "Per Aspera Ad Scientiam" {Elem, Evo} (curse)
Stlth    ++........             Y - amulet "Mesecla" {Regen+ Int+4 Dex+7}
HPRegen  1.36/turn              l - ring "Dogma of Ashenzari" {Will+, Cun, Evo} (curse)
MPRegen  0.16/turn              E - ring of Ashenzari's Visionary {rCorr, Melee, Self} (curse)

@: mighty, about to teleport, repel missiles
A: antennae 1, talons 2, repulsion field 3, clever 1, deformed body, demonic
guardian 2, spiny 2, augmentation 1, MP-powered wands
a: Renounce Religion, Shatter the Chains


You were on level 3 of the Swamp.
You worshipped Ashenzari.
Ashenzari was greatly pleased with you.
You visited 4 branches of the dungeon, and saw 26 of its levels.
You also visited: Ossuary and Volcano.

You collected 3278 gold pieces.
You spent 38 gold pieces at shops.

Inventory:

Hand Weapons
 e - a +0 scimitar of flaming
 K - a +2 vorpal long sword
 R - the cursed +7 double sword of Ouranomancy (weapon) {vamp, Melee, Elem}
   (You acquired it on level 2 of the Orcish Mines)

   It inflicts no extra harm, but heals its wielder when it wounds a living foe.
   It has a curse placed upon it.
Missiles
 m - 86 poisoned darts (quivered)
 H - 2 boomerangs of dispersal
Armour
 c - a +0 helmet
 d - the cursed +1 pair of gloves "Cursed Together" (worn) {Fort, Alch}
   (You found it on level 12 of the Dungeon)

   It has a curse placed upon it.
 q - the cursed +2 pair of boots "Per Aspera Ad Scientiam" (worn) {Elem, Evo}
   (You found it on level 5 of the Dungeon)

   It has a curse placed upon it.
 s - +0 swamp dragon scales
 u - the cursed +2 ring mail "Tethered Water Diviner" (worn) {Will+, Cun, Fort}
   (You found it on level 6 of the Dungeon)

   It has a curse placed upon it.
 x - +0 acid dragon scales
 F - a +1 cloak of poison resistance (worn)
 N - the cursed +0 buckler of Supernal Wisdom (worn) {Self, Melee}
   (You took it off a gnoll sergeant on level 8 of the Dungeon)

   It has a curse placed upon it.
 P - a +2 chain mail of fire resistance
Jewellery
 l - the cursed ring "Dogma of Ashenzari" (right hand) {Will+, Cun, Evo}
   (You found it on level 3 of the Lair of Beasts)

   [ring of willpower]

   It affects your willpower, your defense against some magical effects.
   It has a curse placed upon it.
 w - the amulet of Diqimy {Acrobat rF+ rN+}
   (You found it on level 2 of the Swamp)

   [amulet of the acrobat]

   It helps you evade while moving and waiting.
   It protects you from fire.
   It protects you from negative energy.
 E - the cursed ring of Ashenzari's Visionary (left hand) {rCorr, Melee, Self}
   (You found it on level 4 of the Lair of Beasts)

   [ring of resist corrosion]

   It provides partial protection from all sources of acid and corrosion.
   It has a curse placed upon it.
 Y - the amulet "Mesecla" (around neck) {Regen+ Int+4 Dex+7}
   (You found it on level 15 of the Dungeon)

   [amulet of regeneration]

   It affects your intelligence (+4).
   It affects your dexterity (+7).
   It increases your rate of regeneration.
Wands
 a - a wand of acid (13)
 f - a wand of digging (17)
 i - a wand of random effects (54)
 G - a wand of paralysis (20)
 W - a wand of iceblast (7)
 X - a wand of charming (6)
 Z - a wand of polymorph (9)
Scrolls
 g - 7 scrolls of enchant armour
 h - 24 scrolls of identify
 k - 4 scrolls of teleportation
 n - 7 scrolls of amnesia
 r - 2 scrolls of fog
 y - 9 scrolls of magic mapping
 B - 4 scrolls of blinking
 D - 8 scrolls of fear
 V - a scroll of brand weapon
Potions
 b - 5 potions of brilliance
 j - 3 potions of magic
 o - 4 potions of heal wounds
 p - 4 potions of resistance
 t - 9 potions of curing
 v - 4 potions of flight
 z - 2 potions of lignification
 A - 2 potions of ambrosia
 C - 3 potions of mutation
 J - 5 potions of might
 L - a potion of cancellation
 M - 2 potions of attraction
 U - 3 potions of haste
Miscellaneous
 S - a condenser vane


   Skills:
 + Level 16.5(20.3) Fighting
 + Level 11.8(19.0) Short Blades
 - Level 14.0(20.3) Long Blades
 - Level 4.2 Throwing
 + Level 9.2(13.6) Armour
 + Level 12.1(16.2) Dodging
 - Level 1.2(3.9) Stealth
 - Level 1.0(3.5) Shields
 * Level 5.2(9.7) Evocations


You had 17 spell levels left.
You didn't know any spells.
Your spell library contained the following spells:

 Spells                   Type           Power      Damage    Failure   Level
 Animate Skeleton         Necr           0%         N/A       34%         1
 Apportation              Tloc           0%         N/A       34%         1
 Corona                   Hex            0%         N/A       34%         1
 Magic Dart               Conj           0%         1d3       34%         1
 Pain                     Necr           0%         1d4       34%         1
 Summon Small Mammal      Summ           0%         N/A       34%         1
 Searing Ray              Conj           0%         3d3       47%         2
 Dazzling Flash           Conj/Hex       0%         N/A       71%         3
 Vampiric Draining        Necr           0%         2d6       71%         3
 Ice Form                 Ice/Tmut       2%         N/A       96%         4
 Animate Dead             Necr           0%         N/A       98%         4
 Fulminant Prism          Conj/Hex       0%         3d6       98%         4
 Iskenderun's Mystic Bla  Conj/Tloc      0%         2d3       98%         4
 Agony                    Necr           0%         N/A       100%        5
 Irradiate                Conj/Tmut      0%         3d13      100%        5
 Metabolic Englaciation   Hex/Ice        0%         N/A       100%        5
 Freezing Cloud           Conj/Ice/Air   1%         6-21      100%        6
 Hydra Form               Tmut           0%         N/A       100%        6
 Simulacrum               Ice/Necr       0%         N/A       100%        6
 Statue Form              Tmut/Erth      1%         N/A       100%        6
 Dragon Form              Tmut           0%         N/A       100%        7
 Ozocubu's Refrigeration  Ice            1%         4d5       100%        7


Dungeon Overview and Level Annotations

Branches:
Dungeon (15/15) Temple (0/1) D:6 Lair (6/6) D:11 Swamp (3/4) Lair:3 Spider (0/4) Lair:2 Slime (0/5) Lair:6 Orc (2/2) D:11 Elf (0/3) Orc:2 Vaults (0/5) D:12 D:13 Depths (0/5) D:15 Ossuary (visited) Volcano (visited)

Altars:
Ashenzari
Elyvilon
Fedhas
Gozag
Kikubaaqudgha
Makhleb
Sif Muna
Trog
Uskayaw
Wu Jian
Xom
The Shining One
Beogh
Jiyva

Shops:
D:4 *   D:9 (   D:12 *   Orc:2 *(*:

Portals:
Pandemonium: Orc:2

Annotations:
D:4 exclusion: door
D:10 3 runed translucent doors, Drazool's ghost, novice DsFi
D:12 1 transporter
D:15 2 runed translucent doors, Waecyras's ghost, adept KoGl
Lair:6 exclusion: oklob plant
Swamp:3 Mara
Orc:1 1 runed translucent door, indyram44's ghost, journeyman DsGl


Innate Abilities, Weirdness & Mutations

You have razor-sharp toenails.
You are surrounded by a strong repulsion field. (EV +4, RMsl)
A demonic guardian rushes to your aid.
You are mostly covered in sharp spines.
Your magical and physical power is slightly enhanced at high health.
You have a pair of small antennae on your head.
Your mind is acute. (Int +2)
Armour fits poorly on your strangely shaped body.
You expend magic power (3 MP) to strengthen your wands.


Message History

You take 31 damage, and have 30/156 hp.
You slice Mara!!
Mara is heavily wounded.
Mara blinks!
Maimakterion's illusion is struck by your spines.
Maimakterion's illusion completely misses you.
You riposte.
You miss Maimakterion's illusion.
Maimakterion's illusion is heavily wounded.
You slash Mara!
Mara is severely wounded.
Mara gestures at you. The bolt of fire misses you.
You smell burning wood.
Your smoke demon gestures at Maimakterion's illusion.
Maimakterion's illusion is smitten.
Maimakterion's illusion misses you.
You closely miss Mara.
Mara is severely wounded.
Mara completely misses you.
Your smoke demon gestures at Maimakterion's illusion.
Maimakterion's illusion is smitten.
You closely miss Mara.
Mara is severely wounded.
Maimakterion's illusion misses you.
You riposte.
You barely miss Maimakterion's illusion.
Maimakterion's illusion is severely wounded.
Mara says, "Entranced by some poetic flight, are you?"
As you read the scroll of teleportation, it crumbles to dust.
You feel strangely unstable. Mara gestures at you.
The bolt of fire hits Mara.
Mara resists.
The bolt of fire misses you.
Your smoke demon completely misses Maimakterion's illusion.
Your smoke demon misses Maimakterion's illusion.
Your smoke demon barely misses Maimakterion's illusion.
Maimakterion's illusion closely misses you.
You catch the helpless Mara completely off-guard!
You slice Mara!!
You kill Mara!
Your smoke demon misses Maimakterion's illusion. x2
Your smoke demon barely misses Maimakterion's illusion.
Maimakterion's illusion hits you!!!
You die...

* * *,≈* , ≈, ≈, ♣♣* *♣♣
♣♣♣.≈≈?≈♣ ♣☼♣♣♣♣≈♣♣♣♣
.>≈≈≈≈≈.♣ ♣♣.§)≈.....♣
≈.≈≈≈≈.≈♣ ♣≈≈≈§.≈§..♣
..≈≈≈≈.≈♣ ♣♣..≈3@♣♣*≈*
.≈.≈≈≈≈≈♣♣§.≈♣♣♣@§≈≈.≈♣
..(≈≈≈.♣♣.≈k≈.♣♣R..≈≈.♣
.≈≈≈≈≈.♣♣.≈≈≈.≈.w≈≈§≈.♣
≈≈≈....Dk≈≈≈≈........≈♣
......Rw.S≈≈≈≈≈.≈....R.♣
.≈≈..≈.♣.≈≈≈≈≈≈♣...>≈≈≈♣
≈≈♣♣♣♣♣♣.≈≈≈§§≈≈≈...≈≈.♣
...≈≈≈.≈≈≈≈≈≈≈. * , ,*


You could see Mara, a tyrant leech, Maimakterion's illusion (strong, ally
target) and a friendly smoke demon (summoned).

Vanquished Creatures
  Nikola (Swamp:2)
  Rupert (D:12)
  Jorgrun (D:13)
  Frances (Swamp:1)
  Donald (Swamp:2)
  Aizul (Swamp:3)
  A stone giant (Orc:1)
  Nessos (Orc:2)
  A red draconian (Volcano)
  Azrael (D:13)
  3 dire elephants (Lair:6)
  An ettin (Orc:1)
  5 eleionomae
  13 hydras
  A shambling mangrove (Swamp:2)
  5 boulder beetles
  A ghost crab (Swamp:3)
  3 ogre magi
  An anaconda (Lair:6)
  3 centaur warriors (D:13)
  A death knight (D:15)
  9 alligators
  7 two-headed ogres
  8 death yaks
  A tengu warrior (D:13)
  3 orc high priests (Orc:2)
  Sonja (D:13)
  7 skeletal warriors
  A soul eater (Orc:2)
  A salamander mystic (Volcano)
  A goliath frog (Swamp:3)
  4 spriggan druids
  5 swamp dragons
  An unseen horror (D:10)
  A gelid demonspawn (Orc:2)
  5 orc knights
  3 wizards
  2 infernal demonspawn (Orc:2)
  A necromancer (D:15)
  6 bog bodies
  2 wolf spiders (Lair:2)
  8 orc sorcerers
  12 ugly things
  2 deep elf pyromancers
  5 salamanders (Volcano)
  A manticore (D:12)
  20 cyclopes
  4 will-o-the-wisps
  4 elephants (Lair:6)
  A rust devil (Orc:2)
  5 black mambas
  Joseph (D:8)
  A naga mage (D:15)
  17 cane toads
  Maggie (D:8)
  2 freezing wraiths
  A hellwing (Orc:2)
  6 komodo dragons
  A meliai (D:13)
  A wolf spider simulacrum (D:15)
  8 blink frogs
  7 hornets
  5 tyrant leeches
  4 slime creatures (D:14)
  7 dream sheep (Lair:6)
  A centaur simulacrum (D:15)
  2 redbacks (Lair:2)
  8 spriggans
  2 shadows
  5 wraiths
  51 yaks
  2 vampires
  2 fire elementals (D:13)
  16 humans
  3 wyverns
  3 basilisks
  Grum (D:8)
  A redback simulacrum (D:15)
  11 vampire mosquitoes
  2 soldier ants
  A warg (Orc:1)
  8 swamp worms
  5 hell hounds
  2 swamp drakes
  15 water moccasins
  40 orc warriors
  A meliai simulacrum (D:15)
  Duvessa (D:5)
  2 ice beasts
  4 black bears
  15 ogres
  A sky beast (D:8)
  6 centaurs
  4 necrophages
  8 wolves
  17 bullfrogs
  A wyvern zombie (D:13)
  2 elf skeletons (D:7)
  A gnoll sergeant (D:8)
  19 scorpions
  Dowan (D:5)
  12 killer bees
  8 wights
  5 howler monkeys
  4 electric eels
  A crimson imp (D:4)
  A quasit (D:12)
  4 bullfrog zombies
  7 jellies
  5 centaur zombies (Ossuary)
  3 hounds
  34 orc priests
  3 bullfrog skeletons
  8 centaur skeletons
  4 iguanas
  3 human zombies
  2 human skeletons (D:7)
  24 orc wizards
  5 hell rats (Lair:5)
  9 worker ants
  A killer bee zombie (D:8)
  A hound skeleton (D:4)
  A hound zombie (D:10)
  3 mummies (Ossuary)
  10 gnolls
  7 adders
  4 scorpion zombies (Ossuary)
  3 white imps
  3 oozes
  2 adder skeletons
  6 worms
  2 dart slugs
  6 leopard geckos
  99 orcs
  2 ball pythons
  4 giant cockroaches
  2 gnoll zombies (Ossuary)
  4 goblins
  2 hobgoblins
  17 jackals
  7 quokkas
  6 bats
  3 frilled lizards
  4 goblin zombies (Ossuary)
  4 hobgoblin zombies (Ossuary)
  2 jackal skeletons (D:4)
  A jackal zombie (D:7)
  4 kobolds
  2 kobold zombies (Ossuary)
  A leopard gecko skeleton (D:4)
  An orc skeleton (D:7)
  2 orc zombies (Ossuary)
  A quokka skeleton (D:4)
  3 rats
866 creatures vanquished.

Vanquished Creatures (collateral kills)
  2 dire elephants (Lair:6)
  An eleionoma (Swamp:1)
  A catoblepas (Lair:6)
  A two-headed ogre (D:12)
  A wolf spider zombie (D:11)
  A salamander (Volcano)
  An ugly thing (D:15)
  2 orc sorcerers (Orc:2)
  A hellwing (Orc:2)
  A hornet (Swamp:3)
  A tyrant leech (Swamp:1)
  An acid dragon (D:13)
  A swamp drake (Swamp:1)
  An orc warrior (Orc:2)
  A wyvern skeleton (D:13)
  An orc wizard (D:6)
  3 orcs
21 creatures vanquished.

Vanquished Creatures (others)
  A goliath frog (Swamp:3)
  A bog body (Swamp:1)
  5 bloated husks
  2 swamp worms (Swamp:3)
  8 foxfires
  23 fungi
  32 plants
  2 withered plants (Orc:1)
74 creatures vanquished.

Grand Total: 961 creatures vanquished

Notes
Turn   | Place    | Note
-------+----------+-------------------------------------------
     0 | D:1      | Maimakterion the Demonspawn Gladiator began the quest for
                  | the Orb.
     0 | D:1      | Reached XP level 1. HP: 16/16 MP: 1/1
    81 | D:1      | Gained mutation: You are partially covered in sharp spines.
                  | [demonic ancestry]
    81 | D:1      | Reached XP level 2. HP: 18/22 MP: 2/2
   516 | D:1      | Gained mutation: You have sharp toenails. [demonic
                  | ancestry]
   516 | D:1      | Reached XP level 3. HP: 23/27 MP: 3/3
  1518 | D:3      | Reached XP level 4. HP: 17/33 MP: 4/4
  1649 | D:3      | Reached skill level 1 in Armour
  2580 | D:3      | Gained mutation: A weak demonic guardian rushes to your
                  | aid. [demonic ancestry]
  2580 | D:3      | Reached XP level 5. HP: 17/39 MP: 5/5
  2980 | D:4      | Gained mutation: You have a pair of small antennae on your
                  | head. [potion of mutation]
  2980 | D:4      | Gained mutation: You evolve. [potion of mutation]
  2980 | D:4      | Gained mutation: You expend magic power (3 MP) to
                  | strengthen your wands. [potion of mutation]
  2993 | D:4      | Gained mutation: You are surrounded by a mild repulsion
                  | field. (EV +2) [demonic ancestry]
  2993 | D:4      | Reached XP level 6. HP: 10/46 MP: 6/6
  3429 | D:4      | Found a shimmering blue altar of Sif Muna.
  3683 | D:4      | Found Atimuik's General Store.
  3830 | D:4      | Reached skill level 3 in Fighting
  3836 | D:4      | Reached skill level 5 in Long Blades
  3976 | D:4      | Found a burning altar of Makhleb.
  3976 | D:4      | Found a shimmering altar of Xom.
  4101 | D:5      | Entered Level 5 of the Dungeon
  4101 | D:5      | Noticed Dowan
  4102 | D:5      | Noticed Duvessa
  4337 | D:5      | Gained mutation: You are surrounded by a moderate repulsion
                  | field. (EV +3) [demonic ancestry]
  4337 | D:5      | Reached XP level 7. HP: 46/52 MP: 7/7
  4415 | D:5      | Killed Dowan
  4416 | D:5      | HP: 2/52 [Duvessa/+0 short sword (7)]
  4420 | D:5      | Killed Duvessa
  4819 | D:5      | Found a broken altar of Ashenzari.
  4857 | D:5      | Became a worshipper of Ashenzari the Shackled
  4861 | D:5      | Found an opulent altar of Gozag.
  4862 | D:5      | Found an ancient bone altar of Kikubaaqudgha.
  4866 | D:5      | Found a blossoming altar of Fedhas.
  5472 | D:6      | Reached XP level 8. HP: 46/60 MP: 8/8
  5554 | D:6      | Reached skill level 4 in Fighting
  5609 | D:6      | Found a staircase to the Ecumenical Temple.
  6100 | D:7      | Found a sand-covered staircase.
  6105 | Ossuary  | Entered an ossuary
  6522 | Ossuary  | Gained mutation: You are mostly covered in sharp spines.
                  | [demonic ancestry]
  6522 | Ossuary  | Reached XP level 9. HP: 54/67 MP: 9/9
  6707 | D:7      | Reached skill level 5 in Fighting
  6764 | D:7      | Reached * piety under Ashenzari
  6925 | D:7      | Reached skill level 5 in Dodging
  7437 | D:8      | Noticed Joseph
  7451 | D:8      | Killed Joseph
  7500 | D:8      | Reached skill level 5 in Armour
  7588 | D:8      | Reached ** piety under Ashenzari
  7600 | D:8      | Found a hide-covered altar of Uskayaw.
  7624 | D:8      | Noticed a two-headed ogre
  7634 | D:8      | Killed a two-headed ogre
  7635 | D:8      | Reached skill level 6 in Fighting
  7635 | D:8      | Gained mutation: You have razor-sharp toenails. [demonic
                  | ancestry]
  7635 | D:8      | Reached XP level 10. HP: 59/80 MP: 10/10
  7688 | D:8      | Noticed Maggie
  7691 | D:8      | Gained mutation: Your mind is acute. (Int +2) [evolution]
  7691 | D:8      | Lost mutation: You evolve. [end of evolution]
  7726 | D:8      | Killed Maggie
  7734 | D:8      | Identified the cursed scarf of Ashenzari's Sun {repulsion,
                  | Range, Self} (You found it on level 6 of the Dungeon)
  7924 | D:8      | Noticed Grum
  7932 | D:8      | Reached skill level 10 in Long Blades
  7951 | D:8      | Killed Grum
  8611 | D:9      | Reached skill level 7 in Fighting
  8679 | D:9      | Reached *** piety under Ashenzari
  8755 | D:9      | Found Saqau's Antique Weapon Emporium.
  9376 | D:10     | Entered Level 10 of the Dungeon
  9447 | D:10     | Reached XP level 11. HP: 83/90 MP: 11/11
  9477 | D:10     | Found a runed translucent gate.
  9478 | D:10     | Found a runed translucent gate.
  9485 | D:10     | Found a runed translucent gate.
  9485 | D:10     | Found an opulent altar of Gozag.
  9486 | D:10     | Noticed a two-headed ogre
  9486 | D:10     | Noticed Drazool's ghost (novice DsFi)
  9488 | D:10     | Noticed a boulder beetle
  9636 | D:10     | Noticed an unseen horror
  9651 | D:10     | Killed an unseen horror
 10095 | D:11     | Noticed a boulder beetle
 10107 | D:11     | Killed a boulder beetle
 10108 | D:11     | Reached skill level 8 in Fighting
 10208 | D:11     | Noticed a two-headed ogre
 10216 | D:11     | Killed a two-headed ogre
 10527 | D:11     | Found a staircase to the Lair.
 10692 | D:11     | Found a staircase to the Orcish Mines.
 10800 | D:12     | Noticed an ogre mage
 10801 | D:12     | Noticed a tengu reaver
 10853 | D:12     | Noticed a necromancer
 10857 | D:12     | Noticed a two-headed ogre
 10866 | D:12     | Killed a two-headed ogre
 10874 | D:12     | Noticed a two-headed ogre
 10892 | D:12     | Noticed a two-headed ogre
 10892 | D:12     | Killed a two-headed ogre
 10893 | D:12     | Noticed an ogre mage
 10893 | D:12     | Noticed a two-headed ogre
 10905 | D:12     | Killed a two-headed ogre
 10906 | D:12     | Gained mutation: You are surrounded by a strong repulsion
                  | field. (EV +4, RMsl) [demonic ancestry]
 10906 | D:12     | Reached XP level 12. HP: 62/99 MP: 12/12
 10912 | D:12     | Killed a two-headed ogre
 10915 | D:12     | Killed an ogre mage
 10916 | D:12     | Reached skill level 9 in Fighting
 11140 | D:12     | Noticed a two-headed ogre
 11148 | D:12     | Killed a two-headed ogre
 11246 | D:12     | Found Loer Fets's Demolitions Depot.
 11425 | D:12     | Identified the +5 arbalest of the Ecumenical Temple
                  | {vorpal, rElec rC- rN++ Will+}
 11431 | D:12     | Identified the amulet "Olaos" {RegenMP SInv}
 11493 | D:12     | Found a shimmering blue altar of Sif Muna.
 11497 | D:12     | Found a transporter.
 11499 | D:12     | Identified the +4 pair of boots of Death's Door {Harm rC-
                  | Str+7 Int+2}
 11605 | D:12     | Identified the cursed +1 pair of gloves "Cursed Together"
                  | {Fort, Alch} (You found it on level 12 of the Dungeon)
 11605 | D:12     | Identified the cursed +2 pair of boots "Per Aspera Ad
                  | Scientiam" {Elem, Evo} (You found it on level 5 of the
                  | Dungeon)
 11605 | D:12     | Identified the cursed +2 ring mail "Tethered Water Diviner"
                  | {Will+, Cun, Fort} (You found it on level 6 of the Dungeon)
 11717 | D:13     | Found a gate to the Vaults.
 11717 | D:13     | Noticed a two-headed ogre
 11717 | D:13     | Noticed a boulder beetle
 11717 | D:13     | Noticed a centaur warrior
 11717 | D:13     | Noticed Rupert
 11717 | D:13     | Noticed a boulder beetle
 11756 | Lair:1   | Entered Level 1 of the Lair of Beasts
 11860 | Lair:1   | Noticed an eight-headed hydra
 11878 | Lair:1   | Identified the +5 rapier "Grim" {freeze, rC+}
 11903 | Lair:1   | Killed an eight-headed hydra
 11904 | Lair:1   | Reached skill level 10 in Fighting
 12023 | Lair:1   | Noticed a seven-headed hydra
 12039 | Lair:1   | Killed a seven-headed hydra
 12040 | Lair:1   | Reached skill level 1 in Short Blades
 12111 | Lair:1   | Found a broken altar of Ashenzari.
 12349 | Lair:1   | Reached **** piety under Ashenzari
 12593 | Lair:2   | Noticed an eight-headed hydra
 12603 | Lair:2   | Killed an eight-headed hydra
 12604 | Lair:2   | Reached XP level 13. HP: 94/114 MP: 14/14
 12684 | Lair:2   | Found a hole to the Spider Nest.
 12753 | Lair:2   | Identified Sif Muna's Volume of Hexes
 13414 | Lair:2   | Reached skill level 5 in Short Blades
 13751 | Lair:3   | Found a staircase to the Swamp.
 14325 | Lair:3   | Reached skill level 11 in Fighting
 15513 | Lair:5   | Found a dark tunnel.
 15519 | Volcano  | Entered a volcano
 15674 | Volcano  | Reached skill level 1 in Shields
 15703 | Volcano  | Noticed a red draconian
 15711 | Volcano  | Gained mutation: A demonic guardian rushes to your aid.
                  | [demonic ancestry]
 15711 | Volcano  | Reached XP level 14. HP: 87/126 MP: 15/15
 15752 | Volcano  | Reached skill level 1 in Stealth
 15886 | Lair:5   | Identified the +6 falchion "Vesegg" {freeze, rPois Dex+2}
 16567 | Lair:6   | Entered Level 6 of the Lair of Beasts
 16567 | Lair:6   | Found a staircase to the Slime Pits.
 16567 | Lair:6   | Found a viscous altar of Jiyva.
 17484 | Lair:6   | Reached skill level 10 in Short Blades
 17682 | Lair:6   | Identified the +6 ring mail "Duplupas" {rF- Str+6 Dex+3}
 17682 | Lair:6   | Identified a scroll of acquirement
 17945 | Lair:6   | Reached skill level 12 in Fighting
 18120 | Orc:1    | Entered Level 1 of the Orcish Mines
 18333 | Orc:1    | Found a runed translucent door.
 18333 | Orc:1    | Noticed indyram44's ghost (journeyman DsGl)
 18718 | Orc:1    | Identified the +3 hunting sling of Wucocuwk {flame, rElec
                  | Int+2 Dex-4}
 18721 | Orc:1    | Identified the +2 mace of Asuz {protect, rN+ Str+4 Dex+4}
 18738 | Orc:1    | Noticed a stone giant
 18773 | Orc:1    | Killed a stone giant
 18779 | Orc:1    | Reached XP level 15. HP: 47/136 MP: 16/16
 18849 | Orc:1    | Identified the +8 bardiche of Evolution {freeze, *Drain
                  | +Rage rPois}
 19123 | Orc:2    | Entered Level 2 of the Orcish Mines
 19293 | Orc:2    | Found Vuihu's General Store.
 19294 | Orc:2    | Found Paicargh's General Store.
 19337 | Orc:2    | Acquired a +1 vampiric double sword
 19640 | Orc:2    | Found a staircase to the Elven Halls.
 19659 | Orc:2    | Noticed Nessos
 19676 | Orc:2    | Killed Nessos
 19860 | Orc:2    | Bought a scroll of fear for 38 gold pieces
 19923 | Orc:2    | Gained mutation: Armour fits poorly on your strangely
                  | shaped body. [a neqoxec]
 19939 | Orc:2    | HP: 4/133 [orc sorcerer/bolt of fire (31)]
 20029 | Orc:2    | Reached skill level 13 in Fighting
 20051 | Orc:2    | Found a one-way gate leading to the halls of Pandemonium.
 20053 | Orc:2    | Found Vak Veel's Book Boutique.
 20062 | Orc:2    | Found Xoajaeli's Antique Weapon Shop.
 20608 | D:13     | Reached skill level 10 in Dodging
 20620 | D:12     | Killed Rupert
 20730 | D:13     | Found a blossoming altar of Fedhas.
 20753 | D:13     | Identified the +10 halberd of Neurosis {flame, rF+ rC+
                  | Will+ Int+3}
 20759 | D:13     | Reached skill level 14 in Fighting
 20860 | D:13     | Noticed Jorgrun
 20864 | D:13     | Noticed Sonja
 20873 | D:13     | Killed Jorgrun
 20883 | D:13     | Killed Sonja
 20971 | D:13     | Noticed Azrael
 20982 | D:13     | Killed Azrael
 21610 | D:14     | Gained mutation: Your magical and physical power is
                  | slightly enhanced at high health. [demonic ancestry]
 21610 | D:14     | Reached XP level 16. HP: 148/148 MP: 17/17
 21909 | D:15     | Entered Level 15 of the Dungeon
 21909 | D:15     | Found a large runed translucent door.
 21909 | D:15     | Found a large runed translucent door.
 21938 | D:15     | Noticed Waecyras's ghost (adept KoGl)
 22023 | D:15     | Reached skill level 15 in Fighting
 22034 | D:15     | Reached ***** piety under Ashenzari
 22431 | D:15     | Found a staircase to the Depths.
 22440 | D:15     | Reached skill level 1 in Evocations
 22648 | D:15     | Found an ornate altar of the Wu Jian Council.
 22669 | D:15     | Identified the amulet "Mesecla" {Regen+ Int+4 Dex+7}
 22901 | Swamp:1  | Entered Level 1 of the Swamp
 23012 | Swamp:1  | Noticed Frances
 23013 | Swamp:1  | Identified the +2 rapier of Distant Worlds {holy, Will+
                  | Str+4}
 23029 | Swamp:1  | Killed Frances
 23095 | Swamp:1  | Identified the +2 hand axe "Humno" {freeze, rC- rN+++
                  | Int+6}
 23704 | Swamp:2  | Identified the amulet of Diqimy {Acrobat rF+ rN+}
 23717 | Swamp:2  | Reached skill level 16 in Fighting
 23773 | Swamp:2  | Noticed Nikola
 23808 | Swamp:2  | Killed Nikola
 23884 | Swamp:2  | Identified the -5 kite shield "Remic" {rF+ rC- Regen+
                  | Int+4}
 23884 | Swamp:2  | Noticed Donald
 23898 | Swamp:2  | Killed Donald
 24518 | Swamp:3  | Found a bloodstained altar of Trog.
 24570 | Swamp:3  | Reached skill level 5 in Evocations
 24608 | Swamp:3  | Noticed Aizul
 24610 | Swamp:3  | Noticed Mara
 24612 | Swamp:3  | Reached XP level 17. HP: 99/155 MP: 18/18
 24624 | Swamp:3  | Noticed Maimakterion's illusion
 24631 | Swamp:3  | Noticed Maimakterion's illusion
 24640 | Swamp:3  | Killed Aizul
 24658 | Swamp:3  | Slain by Maimakterion's illusion (illusionary)

Illustrated notes

Levels and vault maps discovered:
D:1:      matt_arrival_diagonals, layout_loops_cross
D:2:      layout_basic, minivault_25
D:3:      layout_loops_ring
D:4:      layout_basic, grunt_temple_overflow_champion_of_chaos, serial_shops,
          nicolae_shop_crystal, led_sif_book
D:5:      layout_cave_pools, minitemple, dk_noncrumbling_3,
          chequers_decorated_corner, uniq_duvessa
D:6:      layout_rooms, temple_statues, serial_curves, eino_curves_04,
          eino_curves_02, hangedman_abyss_or_decor_slice
D:7:      layout_basic, nicolae_ossuary_entry_catacombs
D:8:      layout_loops_cross, general_overflow_altar, serial_bayou_pond_c,
          uniq_grum, uniq_joseph, uniq_maggie
D:9:      layout_loops_corners, serial_shops,
          nicolae_shop_temple_entry_statues_fountains
D:10:     layout_rooms, ebering_ghost_gozag, eino_tiny_chamber
D:11:     layout_roguey, grunt_lair_entry_orc_guard_hut, erik_orc_2, basic_altar
D:12:     gammafunk_sealed_library, layout_long_grid, nicolae_blasting_shop
D:13:     minmay_swirls_squares, layout_loops_ring, david_vaults_3,
          solitary_fountain, fedhas_altar_3, uniq_sonja, uniq_azrael,
          uniq_rupert, uniq_jorgrun
D:14:     layout_cross, serial_park_avenue1
D:15:     grunt_enter_depths_magical_seal, layout_grid_maze,
          nicolae_wu_jian_wuxing_cycle, ebering_ghost_disaster_area
Lair:1:   layout_regular_city, amcnicky_altar_gilded, grunt_megastairs_4
Lair:2:   layout_loops_ring, spider_nest_entry_funnel_web, serial_bayou,
          serial_bayou_shore_a, serial_bayou_ford_a, serial_bayou_shore_b,
          serial_bayou_crossing, serial_bayou_pond_a, columned_hall_lemuel,
          st_stairs_12, chequers_serial_rivers_room_a,
          grunt_forest_large_clearing_hut, infiniplex_staircase_pool_2
Lair:3:   layout_regular_city, skrybe_swamp_entry_bodies, st_stairs_8
Lair:4:   layout_roguey
Lair:5:   layout_big_grid, enter_volcano_3
Lair:6:   due_jungle_book, layout_small_grid, slime_altar_1,
          minmay_lair_oklob_bushes
Swamp:1:  layout_basic_swamp, nicolae_swamp_orc_logging_accident, swamp_pool1,
          grunt_hermit_hut, uniq_frances
Swamp:2:  layout_basic_swamp, hangedman_swamp_ruin_wall, swamp_pool4,
          uniq_nikola, uniq_donald
Swamp:3:  layout_basic_swamp, basic_altar, uniq_mara, uniq_aizul
Orc:1:    giant_chief_lemuel, layout_caves, gammafunk_ghost_grave, basic_altar
Orc:2:    pf_orc_diabolical, layout_caves, uniq_nessos

Skill      XL: |  1  2  3  4  5  6  7  8  9 10 11 12 13 14 15 16 |
---------------+-------------------------------------------------+-----
Long Blades    | 3 4 5 6 7 9 10 12 14 | 14.0
Dodging        | 3 4 5 6 7 8 9 10 12 | 12.1
Armour         | 1 2 3 5 6 7 8 9 |  9.2
Fighting       | 3 4 6 7 8 10 11 12 14 16 | 16.5
Throwing       | 2 4 |  4.2
Short Blades   | 2 8 11 | 11.8
Shields        | 1 |  1.0
Stealth        | 1 |  1.2
Evocations     | 5 |  5.2

Action                   |  1- 3 |  4- 6 |  7- 9 | 10-12 | 13-15 | 16-18 || total
-------------------------+-------+-------+-------+-------+-------+-------++-------
Melee: Long sword        |    51 |   109 |   369 |   474 |       |       ||  1003
       Kick              |     7 |    44 |    10 |       |       |       ||    61
       Great sword       |       |       |       |   135 |       |       ||   135
       Rapier            |       |       |       |   101 |  1035 |       ||  1136
       Punch             |       |       |       |       |     1 |       ||     1
       Double sword      |       |       |       |       |   421 |   431 ||   852
Throw: Dart              |       |       |     5 |    11 |     6 |       ||    22
       Throwing net      |       |       |     2 |     1 |       |       ||     3
Invok: Curse Item        |       |       |     3 |     4 |     2 |     2 ||    11
       Shatter the Chain |       |       |       |     1 |     1 |     2 ||     4
Evoke: Wand              |       |       |       |       |       |     1 ||     1
  Use: Potion            |       |     4 |     2 |     4 |     2 |     1 ||    13
       Scroll            |       |       |       |     1 |    11 |     2 ||    14
 Stab: Distracted        |       |       |     1 |     2 |     3 |     4 ||    10
       Invisible         |       |       |     4 |       |       |       ||     4
       Sleeping          |       |       |       |     1 |     2 |     3 ||     6
       Petrified         |       |       |       |       |     1 |       ||     1
Armor: Leather armour    |     8 |    21 |    12 |       |       |       ||    41
       Skin              |       |    13 |       |    57 |       |       ||    70
       Ring mail         |       |       |    76 |   131 |   231 |    89 ||   527
Dodge: Dodged            |    23 |    70 |   243 |   533 |   826 |   399 ||  2094
       Repelled          |       |       |       |     5 |     5 |     8 ||    18
Block: Buckler           |       |       |       |       |   181 |   100 ||   281
       Rpst.: Long sword |     9 |    19 |    83 |    76 |       |       ||   187
       Great sword       |       |       |       |    36 |       |       ||    36
       Double sword      |       |       |       |       |    86 |    83 ||   169

Table legend: (Time is in decaauts)
 A = Elapsed time spent in this place.
 B = Non-inter-level travel time spent in this place.
 C = Inter-level travel time spent in this place.
 D = Time resting spent in this place.
 E = Time spent auto-exploring this place.
 F = Levels seen in this place.
 G = Mean time per level.
                   A        B        C        D        E       F      G
               +--------+--------+--------+--------+--------+-----+--------+
         Total |  23933 |  22362 |   1571 |   1399 |  15398 |  28 |  854.8 |
       Dungeon |  13620 |  12718 |    902 |    949 |   8864 |  15 |  908.0 |
          Lair |   5625 |   5165 |    460 |    243 |   3851 |   6 |  937.5 |
         Swamp |   1741 |   1694 |     47 |    136 |   1022 |   3 |  580.3 |
  Orcish Mines |   2215 |   2054 |    161 |     69 |   1345 |   2 | 1107.5 |
       Ossuary |    503 |    503 |      0 |      0 |    211 |   1 |  503.0 |
       Volcano |    226 |    226 |      0 |      2 |    105 |   1 |  226.0 |
               +--------+--------+--------+--------+--------+-----+--------+

Top non-repeatable levels by time:
     D:4: 1578 daAuts
  Lair:6: 1273 daAuts
   Orc:2: 1136 daAuts
    D:11: 1125 daAuts
     D:3: 1096 daAuts
   Orc:1: 1079 daAuts
     D:7: 1049 daAuts
  Lair:2: 1038 daAuts
     D:8: 1027 daAuts
     D:5: 996 daAuts
     D:9: 983 daAuts
  Lair:3: 945 daAuts
 Swamp:2: 892 daAuts
    D:12: 875 daAuts
    D:13: 860 daAuts
